 Dungeon Crawl Stone Soup version 0.29.0-4-gdea44cf6ec (webtiles) character file.

Game seed: 16618344419371886247

19725 qw the Severer (level 12, 0/110 HPs)
             Began as a Minotaur Berserker on Sept 5, 2022.
             Was a Priest of Trog.
             Slain by a death yak (13 damage)
             ... summoned by an orange crystal statue
             ... on level 3 of the Lair of Beasts.
             The game lasted 00:05:05 (16032 turns).

qw the Severer (Minotaur Berserker)                Turns: 16032, Time: 00:05:05

Health: 0/110      AC: 26    Str: 27    XL:     12   Next: 39%
Magic:  0/11       EV: 13    Int: -11 (3) God:    Trog [***...]
Gold:   653        SH:  0    Dex: 10    Spells: 11/11 levels left

rFire   . . .      SeeInvis +   i - +3 broad axe
rCold   . . .      Faith    .   (no shield)
rNeg    + . .      Spirit   +   d - +0 plate armour
rPois   +          Reflect  .   t - +1 hat
rElec   .          Harm     .   b - +2 ratskin cloak {*Rats rPois rN+ Str-1 Int-1 Dex+1}
rCorr   .          Rampage  .   o - +2 pair of gloves
Will    .....                   l - +2 pair of boots
Stlth   ..........              q - amulet of guardian spirit
HPRegen 0.28/turn               y - +4 ring of evasion
MPRegen 0.12/turn               w - ring of see invisible

@: on berserk cooldown, slowed, lost intelligence, unable to read, very slow
A: horns 2, retaliatory headbutt
a: Renounce Religion, Berserk, Trog's Hand


You were on level 3 of the Lair of Beasts.
You worshipped Trog.
Trog was most pleased with you.
You visited 2 branches of the dungeon, and saw 12 of its levels.

You collected 1101 gold pieces.
You spent 448 gold pieces at shops.


Innate Abilities, Weirdness & Mutations

You have a pair of horns on your head.
You reflexively headbutt those who attack you in melee.


   Skills:
 + Level 11.5 Fighting
 - Level 18.0 Axes
 - Level 4.7 Throwing
 - Level 11.0 Armour
 - Level 4.3 Dodging


You had 11 spell levels left.
You didn't know any spells.
Your spell library was empty.

Inventory:

Hand Weapons
 a - a +2 vorpal flail
 i - a +3 broad axe (weapon)
Armour
 b - the +2 ratskin cloak (worn) {*Rats rPois rN+ Str-1 Int-1 Dex+1}
   (You found it on level 3 of the Dungeon)

   When the wearer is hurt, rats may emerge from it to assist them.
   Str:       It affects your strength (-1).
   Int:       It affects your intelligence (-1).
   Dex:       It affects your dexterity (+1).
   rPois:     It protects you from poison.
   rN:        It protects you from negative energy.
 d - a +0 plate armour (worn)
 l - a +2 pair of boots (worn)
 n - the +0 chain mail of the Gastropod {*Corrode rF+ Will+}
   (You found it on level 2 of the Dungeon)

   rF:        It protects you from fire.
   *Corrode:  It may corrode you when you take damage.
   Will:      It increases your willpower.
 o - a +2 pair of gloves (worn)
 s - +0 fire dragon scales
 t - a +1 hat (worn)
 A - a +0 kite shield
Jewellery
 k - an amulet of the acrobat
 p - a ring of fire
 q - an amulet of guardian spirit (around neck)
 r - a ring of poison resistance
 u - a ring of willpower
 w - a ring of see invisible (right hand)
 x - a ring of ice
 y - a +4 ring of evasion (left hand)
 Y - a ring of protection from fire
Scrolls
 f - 6 scrolls of teleportation
 g - a scroll of amnesia {unknown}
 h - 7 scrolls of identify
Potions
 c - a potion of resistance
 e - 2 potions of heal wounds
 j - 2 potions of might
 m - 2 potions of haste
 v - 3 potions of mutation
 z - a potion of magic {unknown}

Dungeon Overview and Level Annotations

Branches:
Dungeon (9/15)             Temple (0/1) D:6            Lair (3/5) D:9
  Swamp (0/4) Lair:3        Snake (0/4) Lair:2
    Orc: D:9-12

Altars:
Elyvilon
Fedhas
Gozag
Kikubaaqudgha
Uskayaw
Xom
Yredelemnul
Zin
The Shining One

Shops:
D:2 =   D:8 !

Annotations:
Lair:2 2 transporters, qw's ghost, journeyman TrCA


Message History

The bullfrog barely misses you.
The orange crystal statue glitters topaz in the dim dungeon light.
You barely miss the bullfrog. The bullfrog closely misses you.
The bullfrog barely misses you.
You closely miss the bullfrog. Your headbutt misses the bullfrog.
The bullfrog closely misses you. The bullfrog completely misses you.
You furiously retaliate!
You headbutt the bullfrog! You slice the bullfrog!!
You kill the bullfrog!
The bullfrog's corpse dissolves into shadows!
The orange crystal statue glitters.
The death yak bellows! x2
You hit the death yak but do no damage. Your headbutt misses the death yak.
You barely miss the death yak.
The death yak gores you but does no damage.
The death yak closely misses you. You furiously retaliate!
You headbutt the death yak. You slash the death yak!
The death yak is lightly wounded.
You slash the death yak!
The death yak gores you but does no damage. x2
You barely miss the death yak.
The death yak is lightly wounded.
You hit the death yak. You completely miss the death yak.
The death yak gores you but does no damage.
The death yak gores you! The death yak closely misses you.
The orange crystal statue fixes its piercing gaze on you.
Something tries to feed on your intellect!
You hit the death yak. Your headbutt misses the death yak.
The death yak is moderately wounded.
You hit the death yak but do no damage. You slash the death yak!
The orange crystal statue fixes its piercing gaze on you.
The death yak gores you!!
The death yak gores you but does no damage. x2
16032 ||| DRINKING 3 potions of heal wounds.
You feel much better. The death yak gores you!! The death yak gores you.
The death yak gores you but does no damage.
The death yak gores you. The death yak misses you. The death yak gores you!
You die...

#P................#...#
##......~~¤¤¤........##
#P....~~~¤~~¤........##
####.....~F.¤.(~~.......^#
##.......¤¤¤F8S~~........##
#........¤~~¤Y~~......#..#
#..........~~~~......#..#
#.......YYY..~.......#..##
##........@..........##...#
#........................##
##.......................P#
###.##..................##
## #...P...##..##.##..##
##..#####...######...#
#....# ##...## #...##
#####..### ##..#.####...#
###.P#...#P###.#..##.#P....


You could see 4 death yaks, an orange crystal statue, a cane toad (summoned), a
water moccasin (summoned) and a bullfrog (summoned).

Vanquished Creatures
  Erolcha (D:9)
  A hydra (Lair:1)
  A catoblepas (Lair:1)
  A two-headed ogre (D:8)
  Pikel (D:4)
  A manticore (D:6)
  8 elephants (Lair:3)
  4 black mambas
  4 cane toads
  A komodo dragon (Lair:3)
  A rime drake (Lair:1)
  2 trolls
  A polar bear (Lair:3)
  2 hornets (D:9)
  12 blink frogs
  Sigmund (D:3)
  2 wyverns
  11 yaks (Lair:1)
  A steam dragon (D:8)
  Edmund (D:4)
  15 water moccasins
  An orc warrior (D:8)
  A sky beast (D:7)
  6 black bears
  An ice beast (D:5)
  3 ogres
  3 lemures (D:4)
  3 centaurs
  A phantom (D:4)
  2 kobold brigands (D:9)
  A necrophage (D:5)
  6 bullfrogs
  A scorpion (D:5)
  7 wights
  3 howler monkeys
  An electric eel (Lair:3)
  A crimson imp (D:8)
  3 lava snakes (Lair:3)
  4 jellies
  5 gnoll boudas
  4 orc priests
  Terence (D:3)
  3 iguanas
  Natasha (twice) (D:2)
  7 orc wizards
  Ijyb (D:3)
  20 gnolls
  7 adders
  2 white imps
  3 worms
  A dart slug (D:2)
  18 orcs
  7 bats
  9 endoplasms
  3 giant cockroaches
  6 hobgoblins
  18 jackals
  23 kobolds
  5 quokkas
  10 ball pythons
  3 frilled lizards
  9 goblins
  5 rats
  A spectral orc (D:3)
293 creatures vanquished.

Vanquished Creatures (collateral kills)
  An orc (D:4)
1 creature vanquished.

Vanquished Creatures (others)
  3 fungi
  17 plants
  3 toadstools (D:2)
  3 withered plants (D:5)
26 creatures vanquished.

Grand Total: 320 creatures vanquished

Notes
Turn   | Place    | Note
-------+----------+-------------------------------------------
     0 | D:1      | qw the Minotaur Berserker began the quest for the Orb.
     0 | D:1      | Reached XP level 1. HP: 19/19 MP: 0/0
     0 | D:1      | 0 ||| qw: Version: 0.1-a-104-g96f76f8
     0 | D:1      | 0 ||| qw: Game counter: 5918
     0 | D:1      | 0 ||| qw: Always use a shield: true
     0 | D:1      | 0 ||| qw: Do Orc after D:15 true
     0 | D:1      | 0 ||| qw: Do second Lair branch before Depths: true
     0 | D:1      | 0 ||| qw: Lair rune preference: random
     0 | D:1      | 0 ||| qw: Plans: Normal
     0 | D:1      | 0 ||| PLANNING D:1-11
    36 | D:1      | Reached skill level 4 in Axes
   144 | D:1      | Reached XP level 2. HP: 26/26 MP: 1/1
   517 | D:1      | Reached skill level 5 in Axes
   828 | D:1      | Reached ** piety under Trog
   829 | D:1      | Reached XP level 3. HP: 31/31 MP: 2/2
   979 | D:1      | 979 ||| DROPPING +0 club.
  1047 | D:1      | 1047 ||| Stepping ~*~*~tactically~*~*~ (stealth).
  1075 | D:1      | 1075 ||| UPGRADING to +0 cloak.
  1080 | D:1      | 1080 ||| UPGRADING to +2 pair of boots.
  1085 | D:1      | 1085 ||| READING scroll labelled AVARELI LAOH.
  1086 | D:1      | 1086 ||| READING scroll labelled CAZAICUNAI.
  1087 | D:1      | 1087 ||| READING scroll labelled QORHAIT AXEITU.
  1088 | D:1      | 1088 ||| READING scroll labelled AFUUBL DAOCWE.
  1091 | D:1      | 1091 ||| DRINKING 2 fizzy blue potions.
  1149 | D:2      | 1149 ||| STAIRDANCE
  1151 | D:1      | 1151 ||| INVOKING Berserk.
  1264 | D:2      | 1264 ||| Stepping ~*~*~tactically~*~*~ (stealth).
  1265 | D:2      | 1265 ||| Stepping ~*~*~tactically~*~*~ (stealth).
  1310 | D:2      | Noticed a black bear
  1315 | D:2      | 1315 ||| INVOKING Berserk.
  1318 | D:2      | Killed a black bear
  1319 | D:2      | Reached skill level 6 in Axes
  1319 | D:2      | Reached XP level 4. HP: 39/39 MP: 3/3
  1453 | D:2      | Reached XP level 5. HP: 45/45 MP: 4/4
  1461 | D:2      | Found Bonas's Jewellery Emporium.
  1474 | D:2      | 1474 ||| SHOPLISTING ring of ice (300 gold, have 83).
  1474 | D:2      | 1474 ||| SHOPLISTING ring of positive energy (240 gold,
                  | have 83).
  1527 | D:2      | Reached skill level 7 in Axes
  1585 | D:2      | Noticed Natasha
  1586 | D:2      | 1586 ||| INVOKING Berserk.
  1589 | D:2      | Killed Natasha
  1758 | D:2      | 1758 ||| Stepping ~*~*~tactically~*~*~ (stealth).
  1847 | D:2      | 1847 ||| Stepping ~*~*~tactically~*~*~ (stealth).
  1848 | D:2      | 1848 ||| Stepping ~*~*~tactically~*~*~ (stealth).
  1850 | D:2      | 1850 ||| Stepping ~*~*~tactically~*~*~ (stealth).
  1853 | D:2      | Noticed Natasha
  1855 | D:2      | 1855 ||| INVOKING Berserk.
  1858 | D:2      | Killed Natasha
  1985 | D:2      | Identified the +0 chain mail of the Gastropod {*Corrode rF+
                  | Will+}
  2399 | D:2      | 2399 ||| UPGRADING to +0 ring mail.
  2409 | D:2      | 2409 ||| DROPPING +0 animal skin.
  2410 | D:2      | 2410 ||| UPGRADING to +0 chain mail.
  2420 | D:2      | 2420 ||| DROPPING +0 ring mail.
  2421 | D:2      | 2421 ||| UPGRADING to +0 plate armour.
  2431 | D:2      | 2431 ||| DROPPING +0 chain mail.
  2432 | D:2      | 2432 ||| READING scroll labelled SICLADAIXA.
  2433 | D:2      | 2433 ||| DRINKING 2 murky puce potions.
  2478 | D:3      | Noticed Ijyb
  2480 | D:3      | 2480 ||| INVOKING Berserk.
  2485 | D:3      | Killed Ijyb
  2486 | D:3      | Reached skill level 3 in Armour
  2605 | D:3      | 2605 ||| Stepping ~*~*~tactically~*~*~ (hiding).
  2688 | D:3      | Identified the +7 dagger of Qaasu {drain, rN+ Will+}
  2725 | D:3      | Found the +2 ratskin cloak {*Rats rPois rN+ Str-1 Int-1
                  | Dex+1}
  2734 | D:3      | Noticed Terence
  2737 | D:3      | 2737 ||| INVOKING Berserk.
  2744 | D:3      | Killed Terence
  2745 | D:3      | Reached XP level 6. HP: 52/52 MP: 5/5
  2861 | D:3      | 2861 ||| DROPPING +0 whip.
  2956 | D:3      | Noticed Sigmund
  2962 | D:3      | 2962 ||| INVOKING Berserk.
  2972 | D:3      | 2972 ||| DRINKING potion of curing.
  2972 | D:3      | 2972 ||| (to cure confusion)
  2982 | D:3      | Killed Sigmund
  2983 | D:3      | Reached skill level 8 in Axes
  3181 | D:3      | Found a hide-covered altar of Uskayaw.
  3220 | D:3      | Reached skill level 9 in Axes
  3266 | D:3      | Found a basalt altar of Yredelemnul.
  3305 | D:3      | Reached *** piety under Trog
  3464 | D:3      | 3464 ||| Stepping ~*~*~tactically~*~*~ (stealth).
  3693 | D:3      | Found a faded altar of an unknown god.
  3734 | D:3      | 3734 ||| UPGRADING to +2 ratskin cloak {*Rats rPois rN+
                  | Str-1 Int-1 Dex+1}.
  3744 | D:3      | 3744 ||| DROPPING +0 cloak.
  3745 | D:3      | 3745 ||| UPGRADING to amulet of guardian spirit.
  3750 | D:3      | 3750 ||| READING scroll labelled GUNEXUXUOH.
  3751 | D:3      | 3751 ||| READING scroll labelled OPAOTE QYPHA.
  3752 | D:3      | 3752 ||| DRINKING 2 clear potions.
  3857 | D:3      | 3857 ||| DROPPING potion of berserk rage.
  3888 | D:4      | 3888 ||| READING scroll of enchant weapon.
  3888 | D:4      | 3888 ||| ENCHANTING +1 hand axe.
  3915 | D:4      | Found a white marble altar of Elyvilon.
  3916 | D:4      | Found a glowing golden altar of the Shining One.
  3921 | D:4      | Found a glowing silver altar of Zin.
  3976 | D:4      | 3976 ||| SWAPPING to +0 broad axe.
  3977 | D:4      | 3977 ||| DROPPING +2 hand axe.
  4150 | D:4      | Noticed Pikel
  4151 | D:4      | 4151 ||| Stepping ~*~*~tactically~*~*~ (stealth).
  4152 | D:4      | 4152 ||| INVOKING Berserk.
  4158 | D:4      | Killed Pikel
  4159 | D:4      | Reached XP level 7. HP: 59/59 MP: 6/6
  4173 | D:4      | 4173 ||| FLEEEEING.
  4174 | D:4      | 4174 ||| FLEEEEING.
  4176 | D:4      | 4176 ||| FLEEEEING.
  4177 | D:4      | 4177 ||| FLEEEEING.
  4178 | D:4      | 4178 ||| FLEEEEING.
  4179 | D:4      | 4179 ||| FLEEEEING.
  4189 | D:4      | 4189 ||| STAIRDANCE
  4380 | D:3      | 4380 ||| UPGRADING to ring of protection from fire.
  4381 | D:3      | 4381 ||| READING 4 scrolls of identify.
  4381 | D:3      | 4381 ||| IDENTIFYING grey potion
  4382 | D:3      | 4382 ||| READING 3 scrolls of identify.
  4382 | D:3      | 4382 ||| IDENTIFYING bubbling green potion
  4383 | D:3      | 4383 ||| READING 2 scrolls of identify.
  4383 | D:3      | 4383 ||| IDENTIFYING blue potion
  4384 | D:3      | 4384 ||| DROPPING potion of lignification.
  4438 | D:4      | Reached XP level 8. HP: 63/67 MP: 5/7
  4563 | D:4      | 4563 ||| INVOKING Berserk.
  4750 | D:4      | Noticed Edmund
  4753 | D:4      | 4753 ||| INVOKING Berserk.
  4763 | D:4      | Killed Edmund
  4873 | D:4      | 4873 ||| DROPPING +0 flail.
  5006 | D:4      | Reached skill level 10 in Axes
  5028 | D:4      | 5028 ||| INVOKING Berserk.
  5623 | D:4      | 5623 ||| UPGRADING to +1 pair of gloves.
  5628 | D:4      | 5628 ||| READING scroll labelled KASSITW BUGA.
  5638 | D:5      | Entered Level 5 of the Dungeon
  5640 | D:5      | 5640 ||| INVOKING Berserk.
  5645 | D:5      | Reached skill level 6 in Fighting
  5649 | D:5      | 5649 ||| STAIRDANCE
  5761 | D:5      | 5761 ||| INVOKING Berserk.
  5898 | D:5      | 5898 ||| Stepping ~*~*~tactically~*~*~ (stealth).
  5900 | D:5      | 5900 ||| Stepping ~*~*~tactically~*~*~ (stealth).
  5960 | D:5      | 5960 ||| INVOKING Berserk.
  5965 | D:5      | Reached skill level 11 in Axes
  6069 | D:5      | Found a shimmering altar of Xom.
  6096 | D:5      | 6096 ||| INVOKING Berserk.
  6236 | D:5      | 6236 ||| Stepping ~*~*~tactically~*~*~ (hiding).
  6237 | D:5      | 6237 ||| Stepping ~*~*~tactically~*~*~ (hiding).
  6244 | D:5      | 6244 ||| Stepping ~*~*~tactically~*~*~ (stealth).
  6252 | D:5      | 6252 ||| INVOKING Berserk.
  6297 | D:5      | 6297 ||| Stepping ~*~*~tactically~*~*~ (stealth).
  6367 | D:5      | 6367 ||| READING scroll of enchant weapon.
  6367 | D:5      | 6367 ||| ENCHANTING +0 broad axe.
  6391 | D:5      | Reached XP level 9. HP: 73/75 MP: 6/8
  6559 | D:5      | Found an ancient bone altar of Kikubaaqudgha.
  6559 | D:5      | Found a blossoming altar of Fedhas.
  6646 | D:5      | 6646 ||| INVOKING Berserk.
  6799 | D:5      | 6799 ||| INVOKING Berserk.
  6808 | D:5      | Reached skill level 12 in Axes
  6956 | D:5      | 6956 ||| INVOKING Berserk.
  7114 | D:5      | 7114 ||| READING 2 scrolls of identify.
  7114 | D:5      | 7114 ||| IDENTIFYING cyan potion
  7115 | D:5      | 7115 ||| DROPPING potion of flight.
  7189 | D:6      | 7189 ||| INVOKING Berserk.
  7377 | D:6      | Noticed a manticore
  7380 | D:6      | 7380 ||| INVOKING Berserk.
  7382 | D:6      | Killed a manticore
  7389 | D:6      | Noticed a troll
  7404 | D:6      | Killed a troll
  7526 | D:6      | 7526 ||| DROPPING +1 flail of holy wrath.
  7574 | D:6      | 7574 ||| READING scroll of enchant weapon.
  7574 | D:6      | 7574 ||| ENCHANTING +1 broad axe.
  7596 | D:6      | Found a staircase to the Ecumenical Temple.
  7648 | D:6      | Reached skill level 13 in Axes
  7686 | D:6      | 7686 ||| Stepping ~*~*~tactically~*~*~ (hiding).
  7693 | D:6      | Reached skill level 1 in Throwing
  7815 | D:6      | 7815 ||| READING 3 scrolls labelled WOUDO ICIFFEGH.
  7816 | D:6      | 7816 ||| READING scroll labelled UNNIYB WORI.
  7917 | D:6      | 7917 ||| DRINKING 3 smoky coppery potions.
  7918 | D:6      | 7918 ||| READING 2 scrolls of identify.
  7918 | D:6      | 7918 ||| IDENTIFYING coppery potion
  7919 | D:6      | 7919 ||| DROPPING 2 scrolls of poison.
  7920 | D:6      | 7920 ||| DROPPING 2 potions of attraction.
  7921 | D:6      | 7921 ||| DROPPING potion of invisibility.
  7983 | D:7      | 7983 ||| Stepping ~*~*~tactically~*~*~ (stealth).
  7984 | D:7      | 7984 ||| Stepping ~*~*~tactically~*~*~ (stealth).
  7990 | D:7      | 7990 ||| Stepping ~*~*~tactically~*~*~ (stealth).
  7992 | D:7      | 7992 ||| Stepping ~*~*~tactically~*~*~ (hiding).
  8003 | D:7      | 8003 ||| DRINKING potion of curing.
  8003 | D:7      | 8003 ||| (to cure confusion)
  8007 | D:7      | 8007 ||| Stepping ~*~*~tactically~*~*~ (stealth).
  8009 | D:7      | 8009 ||| Stepping ~*~*~tactically~*~*~ (hiding).
  8011 | D:7      | 8011 ||| Stepping ~*~*~tactically~*~*~ (hiding).
  8012 | D:7      | 8012 ||| Stepping ~*~*~tactically~*~*~ (hiding).
  8062 | D:7      | 8062 ||| FLEEEEING.
  8063 | D:7      | 8063 ||| FLEEEEING.
  8064 | D:7      | 8064 ||| FLEEEEING.
  8065 | D:7      | 8065 ||| FLEEEEING.
  8066 | D:7      | 8066 ||| FLEEEEING.
  8067 | D:7      | 8067 ||| FLEEEEING.
  8068 | D:7      | 8068 ||| FLEEEEING.
  8069 | D:7      | 8069 ||| FLEEEEING.
  8070 | D:7      | 8070 ||| FLEEEEING.
  8071 | D:7      | 8071 ||| FLEEEEING.
  8072 | D:7      | 8072 ||| FLEEEEING.
  8074 | D:7      | 8074 ||| FLEEEEING.
  8075 | D:7      | 8075 ||| FLEEEEING.
  8077 | D:7      | 8077 ||| FLEEEEING.
  8080 | D:7      | 8080 ||| FLEEEEING.
  8083 | D:7      | 8083 ||| FLEEEEING.
  8084 | D:7      | 8084 ||| FLEEEEING.
  8085 | D:7      | 8085 ||| FLEEEEING.
  8086 | D:7      | 8086 ||| FLEEEEING.
  8091 | D:7      | 8091 ||| STAIRDANCE
  8157 | D:7      | 8157 ||| INVOKING Berserk.
  8166 | D:7      | 8166 ||| STAIRDANCE
  8342 | D:7      | 8342 ||| Stepping ~*~*~tactically~*~*~ (stealth).
  8346 | D:7      | 8346 ||| Stepping ~*~*~tactically~*~*~ (stealth).
  8347 | D:7      | 8347 ||| Stepping ~*~*~tactically~*~*~ (stealth).
  8768 | D:7      | 8768 ||| INVOKING Berserk.
  9098 | D:7      | 9098 ||| DROPPING ring of magical power.
  9099 | D:7      | 9099 ||| DRINKING 2 puce potions.
  9136 | D:8      | 9136 ||| Stepping ~*~*~tactically~*~*~ (stealth).
  9182 | D:8      | Reached skill level 14 in Axes
  9188 | D:8      | 9188 ||| Stepping ~*~*~tactically~*~*~ (stealth).
  9193 | D:8      | 9193 ||| INVOKING Berserk.
  9258 | D:8      | 9258 ||| Stepping ~*~*~tactically~*~*~ (stealth).
  9260 | D:8      | 9260 ||| Stepping ~*~*~tactically~*~*~ (hiding).
  9265 | D:8      | 9265 ||| INVOKING Berserk.
  9270 | D:8      | Reached XP level 10. HP: 89/89 MP: 9/9
  9500 | D:8      | 9500 ||| INVOKING Berserk.
  9650 | D:8      | 9650 ||| INVOKING Berserk.
 10010 | D:8      | Noticed a two-headed ogre
 10014 | D:8      | 10014 ||| INVOKING Berserk.
 10017 | D:8      | Killed a two-headed ogre
 10191 | D:8      | Found Tony's Distillery.
 10194 | D:8      | 10194 ||| BUYING 2 potions of mutation (224 gold).
 10194 | D:8      | Bought 2 potions of mutation for 224 gold pieces
 10194 | D:8      | 10194 ||| BUYING potion of cancellation (112 gold).
 10194 | D:8      | Bought a potion of cancellation for 112 gold pieces
 10194 | D:8      | 10194 ||| BUYING potion of curing (42 gold).
 10194 | D:8      | Bought a potion of curing for 42 gold pieces
 10194 | D:8      | 10194 ||| BUYING potion of heal wounds (70 gold).
 10194 | D:8      | Bought a potion of heal wounds for 70 gold pieces
 10279 | D:8      | 10279 ||| READING scroll of enchant weapon.
 10279 | D:8      | 10279 ||| ENCHANTING +2 broad axe.
 10543 | D:8      | 10543 ||| UPGRADING to +1 hat.
 10548 | D:8      | 10548 ||| READING scroll labelled PEPOBU XORUE.
 10623 | D:9      | 10623 ||| READING scroll of enchant armour.
 10623 | D:9      | 10623 ||| ENCHANTING +1 pair of gloves.
 10634 | D:9      | 10634 ||| Stepping ~*~*~tactically~*~*~ (hiding).
 10736 | D:9      | Noticed Erolcha
 10737 | D:9      | 10737 ||| Stepping ~*~*~tactically~*~*~ (stealth).
 10739 | D:9      | 10739 ||| INVOKING Trog's Hand.
 10740 | D:9      | 10740 ||| INVOKING Berserk.
 10751 | D:9      | Killed Erolcha
 10969 | D:9      | Found a staircase to the Lair.
 11000 | D:9      | Reached skill level 15 in Axes
 11053 | D:9      | 11053 ||| INVOKING Berserk.
 11192 | D:9      | 11192 ||| Stepping ~*~*~tactically~*~*~ (stealth).
 11194 | D:9      | 11194 ||| Stepping ~*~*~tactically~*~*~ (hiding).
 11195 | D:9      | 11195 ||| INVOKING Berserk.
 11198 | D:9      | Reached skill level 9 in Fighting
 11210 | D:9      | Reached skill level 3 in Dodging
 11506 | D:9      | Found an opulent altar of Gozag.
 11622 | D:9      | 11622 ||| PLANNING LAIR
 11622 | D:9      | 11622 ||| UPGRADING to ring of see invisible.
 11623 | D:9      | 11623 ||| DRINKING 2 fuming ruby potions.
 11641 | Lair:1   | Entered Level 1 of the Lair of Beasts
 11660 | Lair:1   | Reached XP level 11. HP: 97/97 MP: 8/10
 11660 | Lair:1   | Reached **** piety under Trog
 11747 | Lair:1   | 11747 ||| INVOKING Berserk.
 11751 | Lair:1   | Reached skill level 16 in Axes
 11959 | Lair:1   | Reached skill level 9 in Armour
 12086 | Lair:1   | Noticed a catoblepas
 12089 | Lair:1   | 12089 ||| INVOKING Berserk.
 12103 | Lair:1   | Killed a catoblepas
 12308 | Lair:1   | 12308 ||| Stepping ~*~*~tactically~*~*~ (hiding).
 12623 | Lair:1   | Noticed an eight-headed hydra
 12624 | Lair:1   | 12624 ||| INVOKING Brothers in Arms.
 12625 | Lair:1   | 12625 ||| INVOKING Brothers in Arms.
 12626 | Lair:1   | 12626 ||| INVOKING Brothers in Arms.
 12627 | Lair:1   | 12627 ||| INVOKING Brothers in Arms.
 12628 | Lair:1   | 12628 ||| SWAPPING to +2 vorpal flail.
 12629 | Lair:1   | 12629 ||| INVOKING Berserk.
 12632 | Lair:1   | Killed an eight-headed hydra
 12633 | Lair:1   | Reached skill level 17 in Axes
 12649 | Lair:1   | 12649 ||| SWAPPING to +3 broad axe.
 12759 | Lair:1   | 12759 ||| DROPPING amulet of faith.
 12796 | Lair:2   | 12796 ||| INVOKING Berserk.
 12905 | Lair:2   | Found a shimmering altar of Xom.
 12907 | Lair:2   | Found a transporter.
 13024 | Lair:2   | 13024 ||| Stepping ~*~*~tactically~*~*~ (stealth).
 13026 | Lair:2   | 13026 ||| INVOKING Berserk.
 13066 | Lair:2   | 13066 ||| FLEEEEING.
 13067 | Lair:2   | 13067 ||| FLEEEEING.
 13071 | Lair:2   | 13071 ||| STAIRDANCE
 13140 | Lair:1   | 13140 ||| DROPPING amulet of magic regeneration.
 13141 | Lair:1   | 13141 ||| UPGRADING to +4 ring of evasion.
 13146 | Lair:2   | 13146 ||| INVOKING Berserk.
 13152 | Lair:2   | 13152 ||| STAIRDANCE
 13270 | Lair:2   | 13270 ||| Stepping ~*~*~tactically~*~*~ (stealth).
 13277 | Lair:2   | 13277 ||| Stepping ~*~*~tactically~*~*~ (stealth).
 13278 | Lair:2   | 13278 ||| Stepping ~*~*~tactically~*~*~ (stealth).
 13281 | Lair:2   | 13281 ||| INVOKING Berserk.
 13398 | Lair:2   | Found a staircase to the Snake Pit.
 13404 | Lair:2   | 13404 ||| INVOKING Berserk.
 13412 | Lair:2   | Reached skill level 18 in Axes
 13567 | Lair:2   | Found a transporter.
 13567 | Lair:2   | Noticed qw's ghost (journeyman TrCA)
 13567 | Lair:2   | Noticed a seven-headed hydra
 13676 | Lair:2   | 13676 ||| INVOKING Berserk.
 13821 | Lair:2   | 13821 ||| INVOKING Berserk.
 14396 | Lair:3   | Noticed an orange crystal statue
 14411 | Lair:3   | 14411 ||| FLEEEEING.
 14412 | Lair:3   | 14412 ||| FLEEEEING.
 14413 | Lair:3   | 14413 ||| FLEEEEING.
 14414 | Lair:3   | 14414 ||| FLEEEEING.
 14415 | Lair:3   | 14415 ||| FLEEEEING.
 14416 | Lair:3   | 14416 ||| FLEEEEING.
 14417 | Lair:3   | 14417 ||| FLEEEEING.
 14423 | Lair:3   | 14423 ||| STAIRDANCE
 14582 | Lair:3   | 14582 ||| INVOKING Berserk.
 14724 | Lair:3   | 14724 ||| DRINKING 4 potions of curing.
 14724 | Lair:3   | 14724 ||| (to cure confusion)
 14725 | Lair:3   | 14725 ||| DRINKING 3 potions of curing.
 14725 | Lair:3   | 14725 ||| (to cure confusion)
 14728 | Lair:3   | Noticed a four-headed hydra
 14730 | Lair:3   | Noticed an eight-headed hydra
 14730 | Lair:3   | 14730 ||| DRINKING 2 potions of cancellation.
 14735 | Lair:3   | 14735 ||| DRINKING 2 potions of curing.
 14735 | Lair:3   | 14735 ||| (to cure confusion)
 14755 | Lair:3   | 14755 ||| DRINKING potion of curing.
 14755 | Lair:3   | 14755 ||| (to cure confusion)
 14762 | Lair:3   | Lost intelligence.
 14795 | Lair:3   | Noticed a six-headed hydra
 14797 | Lair:3   | 14797 ||| DRINKING potion of cancellation.
 14819 | Lair:3   | 14819 ||| FLEEEEING.
 14820 | Lair:3   | 14820 ||| FLEEEEING.
 14821 | Lair:3   | 14821 ||| FLEEEEING.
 14822 | Lair:3   | 14822 ||| FLEEEEING.
 14823 | Lair:3   | 14823 ||| FLEEEEING.
 14824 | Lair:3   | 14824 ||| FLEEEEING.
 14826 | Lair:3   | 14826 ||| FLEEEEING.
 14827 | Lair:3   | 14827 ||| FLEEEEING.
 14828 | Lair:3   | 14828 ||| FLEEEEING.
 14829 | Lair:3   | 14829 ||| FLEEEEING.
 14830 | Lair:3   | 14830 ||| FLEEEEING.
 14831 | Lair:3   | 14831 ||| FLEEEEING.
 14832 | Lair:3   | 14832 ||| FLEEEEING.
 14833 | Lair:3   | 14833 ||| FLEEEEING.
 14834 | Lair:3   | 14834 ||| FLEEEEING.
 14835 | Lair:3   | 14835 ||| FLEEEEING.
 14841 | Lair:3   | 14841 ||| STAIRDANCE
 14965 | Lair:3   | Found a staircase to the Swamp.
 14966 | Lair:3   | 14966 ||| Stepping ~*~*~tactically~*~*~ (stealth).
 14967 | Lair:3   | 14967 ||| Stepping ~*~*~tactically~*~*~ (stealth).
 14971 | Lair:3   | 14971 ||| FLEEEEING.
 14973 | Lair:3   | 14973 ||| FLEEEEING.
 14974 | Lair:3   | 14974 ||| FLEEEEING.
 14975 | Lair:3   | 14975 ||| FLEEEEING.
 14976 | Lair:3   | 14976 ||| FLEEEEING.
 14977 | Lair:3   | 14977 ||| FLEEEEING.
 15011 | Lair:3   | 15011 ||| Stepping ~*~*~tactically~*~*~ (stealth).
 15012 | Lair:3   | 15012 ||| Stepping ~*~*~tactically~*~*~ (stealth).
 15013 | Lair:3   | 15013 ||| Stepping ~*~*~tactically~*~*~ (stealth).
 15016 | Lair:3   | 15016 ||| Stepping ~*~*~tactically~*~*~ (stealth).
 15021 | Lair:3   | Reached XP level 12. HP: 95/106 MP: 9/11
 15032 | Lair:3   | 15032 ||| INVOKING Berserk.
 15040 | Lair:3   | 15040 ||| FLEEEEING.
 15041 | Lair:3   | 15041 ||| FLEEEEING.
 15042 | Lair:3   | 15042 ||| FLEEEEING.
 15139 | Lair:3   | 15139 ||| FLEEEEING.
 15140 | Lair:3   | 15140 ||| FLEEEEING.
 15150 | Lair:3   | 15150 ||| STAIRDANCE
 15253 | Lair:3   | 15253 ||| DRINKING potion of curing.
 15253 | Lair:3   | 15253 ||| (to cure confusion)
 15263 | Lair:3   | 15263 ||| INVOKING Berserk.
 15301 | Lair:3   | 15301 ||| FLEEEEING.
 15302 | Lair:3   | 15302 ||| FLEEEEING.
 15303 | Lair:3   | 15303 ||| FLEEEEING.
 15304 | Lair:3   | 15304 ||| FLEEEEING.
 15305 | Lair:3   | 15305 ||| FLEEEEING.
 15306 | Lair:3   | 15306 ||| FLEEEEING.
 15307 | Lair:3   | 15307 ||| FLEEEEING.
 15308 | Lair:3   | 15308 ||| FLEEEEING.
 15309 | Lair:3   | 15309 ||| FLEEEEING.
 15310 | Lair:3   | 15310 ||| FLEEEEING.
 15311 | Lair:3   | 15311 ||| FLEEEEING.
 15312 | Lair:3   | 15312 ||| FLEEEEING.
 15313 | Lair:3   | 15313 ||| FLEEEEING.
 15314 | Lair:3   | 15314 ||| FLEEEEING.
 15320 | Lair:3   | 15320 ||| STAIRDANCE
 15496 | Lair:3   | 15496 ||| INVOKING Berserk.
 15558 | Lair:3   | 15558 ||| INVOKING Berserk.
 15987 | Lair:3   | 15987 ||| INVOKING Berserk.
 16001 | Lair:3   | HP: 23/110 [yak[an orange crystal statue] (8)]
 16002 | Lair:3   | 16002 ||| DRINKING 4 potions of heal wounds.
 16020 | Lair:3   | 16020 ||| FLEEEEING.
 16021 | Lair:3   | 16021 ||| FLEEEEING.
 16027 | Lair:3   | Noticed a death yak
 16027 | Lair:3   | Noticed a death yak
 16027 | Lair:3   | Noticed a death yak
 16027 | Lair:3   | Noticed a death yak
 16031 | Lair:3   | HP: 16/110 [death yak[an orange crystal statue] (19)]
 16032 | Lair:3   | 16032 ||| DRINKING 3 potions of heal wounds.
 16032 | Lair:3   | Slain by a death yak

Levels and vault maps discovered:
D:1:      dpeg_arrival_yet_another_circle, layout_loops_ring
D:2:      layout_loops_ring, serial_shops, nicolae_shop_advertising_works
          [nicolae_subvault_shop_adworks], grunt_decor_resistance,
          minmay_gold_behind_fungi, uniq_natasha
D:3:      layout_basic, mainiacjoe_overflow_boulevard,
          yredelemnul_forgotten_temple_becter,
          dilly_ecumenical_altar_fadedgnrine, minmay_hedge_maze,
          kennysheep_generic_room_16, uniq_sigmund, uniq_terence, uniq_ijyb
D:4:      minmay_octagon_keep, layout_basic, good_gods_mini_temple, uniq_pikel,
          uniq_edmund
D:5:      layout_loops_ring, grunt_temple_overflow_growth_and_decay,
          dk_xom_monty_hall
D:6:      layout_cave_pools, minmay_temple_entry_statues_fountains,
          minmay_chambers_of_fives
D:7:      layout_basic
D:8:      layout_basic, serial_shops, shop, minmay_fire_ice_demons
D:9:      layout_basic, nicolae_gozag_cash_rules_everything_around_me,
          lair_entry_dummy, hangedman_decor_slide_cut, uniq_erolcha
Lair:1:   layout_hall_layers, chequers_serial_rivers_micro_e, st_stairs_9,
          nicolae_lair_lil_pond, nicolae_quartered_pool_little,
          grunt_forest_stairs_basic, grunt_megastairs_4
Lair:2:   layout_gridlike, minmay_snake_entry_six_corridors, basic_altar,
          gammafunk_ghost_arena
Lair:3:   layout_small_grid, swamp_mist_pool, disabler_island

Skill      XL: |  1  2  3  4  5  6  7  8  9 10 11 12 |
---------------+-------------------------------------+-----
Axes           | 4 5 6 7 9 11 14 15 18 | 18.0
Fighting       | 4 6 8 9 10 11 | 11.5
Armour         | 3 7 8 10 11 | 11.0
Throwing       | 1 4 |  4.7
Dodging        | 3 4 |  4.3

Action                   |  1- 3 |  4- 6 |  7- 9 | 10-12 || total
-------------------------+-------+-------+-------+-------++-------
Melee: Hand axe          |    72 |   130 |       |       ||   202
       Headbutt          |     8 |    24 |    29 |    59 ||   120
       Broad axe         |       |    28 |   213 |   340 ||   581
       Punch             |       |     1 |     2 |     7 ||    10
       Flail             |       |       |       |     3 ||     3
Throw: Boomerang         |    11 |       |     2 |       ||    13
       Javelin           |       |       |       |    22 ||    22
Invok: Berserk           |     2 |     6 |    17 |    22 ||    47
       Trog's Hand       |       |       |       |     1 ||     1
       Brothers in Arms  |       |       |       |     1 ||     1
  Use: Scroll            |     4 |     4 |    10 |     3 ||    21
       Potion            |     1 |     3 |     3 |    10 ||    17
 Stab: Distracted        |       |     1 |       |       ||     1
Armor: Animal skin       |    14 |    14 |       |       ||    28
       Plate armour      |       |    50 |   135 |   283 ||   468
Dodge: Dodged            |    42 |    48 |    57 |   182 ||   329

Table legend:
 A = Non-vault XP
 B = Vault XP
 C = Vault XP percentage of total XP
 D = Non-vault monster count
 E = Vault monster count
 F = Vault count percentage of total count
                 A         B        C        D         E       F
            +---------+---------+-------+---------+---------+-------
      Total |   21997 |    6182 |  21.9 |     250 |      41 |  14.1
            +---------+---------+-------+---------+---------+-------
        D:1 |      57 |       0 |   0.0 |      32 |       0 |   0.0
        D:2 |     214 |      35 |  14.1 |      29 |       1 |   3.3
        D:3 |      78 |     304 |  79.6 |      23 |       5 |  17.9
        D:4 |     263 |     974 |  78.7 |      19 |       9 |  32.1
        D:5 |    1042 |      48 |   4.4 |      22 |       2 |   8.3
        D:6 |     698 |     929 |  57.1 |      15 |       5 |  25.0
        D:7 |     592 |       0 |   0.0 |       8 |       0 |   0.0
        D:8 |    2004 |      58 |   2.8 |      21 |       2 |   8.7
        D:9 |    1748 |     874 |  33.3 |      30 |       1 |   3.2
     Lair:1 |    5444 |     724 |  11.7 |      22 |       3 |  12.0
     Lair:2 |    3078 |    2095 |  40.5 |      11 |      10 |  47.6
     Lair:3 |    6779 |     141 |   2.0 |      18 |       3 |  14.3
            +---------+---------+-------+---------+---------+-------
